 Dungeon Crawl Stone Soup version 0.17-a0-1842-gacc33f2 (webtiles) character file.

1507 mcbry74 the Thaumaturge (level 8, -1/41 HPs)
             Began as a Deep Elf Wizard on Sept 17, 2015.
             Slain by a wight
             ... wielding a +3 spear of freezing
              (3 damage)
             ... on level 5 of the Dungeon.
             The game lasted 01:31:45 (8547 turns).

mcbry74 the Thaumaturge (Deep Elf Wizard)           Turns: 8547, Time: 01:31:45

Health: -1/41      AC:  4    Str:  5    XL:     8   Next: 52%
Magic:  19/22      EV: 14    Int: 25    God:
Gold:   357        SH:  0    Dex: 13    Spells: 5 memorised, 11 levels left

rFire  + . .     SeeInvis .     s - +1 short sword (holy)
rCold  . . .     Clarity  .     D - +0 robe {rC+}
rNeg   . . .     SustAt   .     (no shield)
rPois  .         Gourm    .     A - +1 helmet
rElec  .         Spirit   .     (no cloak)
rCorr  .         Warding  .     (no gloves)
rMut   .         Stasis   .     (no boots)
MR     .....                    (no amulet)
Stlth  +++.......               h - ring of fire
                                e - ring of flight

@: very slightly contaminated, not resistant to hostile enchantments, fairly
stealthy
A: no striking features
a: Evoke Flight


You were on level 5 of the Dungeon.
You were not hungry.

You visited 1 branch of the dungeon, and saw 6 of its levels.

You collected 357 gold pieces.

Inventory:

Hand weapons
 g - a +0 dagger
 i - a +1 blowgun
 s - a +1 short sword of holy wrath (weapon)
Missiles
 E - 11 poisoned needles (quivered)
Armour
 a - a +0 robe
 b - a +0 hat
 q - a +0 robe
 A - a +1 helmet (worn)
 D - a +0 robe of cold resistance (worn)
Jewellery
 e - a ring of flight (left hand)
 h - a ring of fire (right hand)
 t - a +1 ring of protection
 u - an uncursed ring of protection from fire
Scrolls
 f - 5 scrolls of identify
 y - a scroll of teleportation
 B - a scroll of noise
Potions
 k - a potion of brilliance
 l - a potion of agility {unknown}
 n - a potion of curing
 o - a potion of magic {unknown}
 p - a potion of might {unknown}
 z - a potion of poison {unknown}
 F - a potion of flight {unknown}
Books
 c - a book of Minor Magic

   Spells                             Type                      Level
   a - Magic Dart                     Conjuration                  1
   b - Blink                          Translocation                2
   c - Call Imp                       Summoning                    2
   d - Repel Missiles                 Charms/Air                   2
   e - Slow                           Hexes                        2
   f - Conjure Flame                  Conjuration/Fire             3
   g - Mephitic Cloud                 Conjuration/Poison/Air       3
 v - a book of Alchemy

   Spells                             Type                      Level
   a - Sublimation of Blood           Necromancy                   2
   b - Ignite Poison                  Fire/Transmutation/Poison    3
   c - Alistair's Intoxication        Transmutation/Poison         4
   d - Condensation Shield            Ice                          4
   e - Petrify                        Transmutation/Earth          4
   f - Irradiate                      Conjuration/Transmutation    5
Comestibles
 d - 2 bread rations
 m - 4 fruits
 r - 2 meat rations


   Skills:
 + Level 1.3 Short Blades
 + Level 3.3 Throwing
 + Level 5.3 Dodging
 + Level 6.3 Stealth
 + Level 8.2 Spellcasting
 + Level 3.3 Conjurations
   Level 1.1 Summonings
 + Level 1.4 Translocations
 + Level 2.3 Transmutations
 + Level 2.5 Fire Magic
 + Level 1.3 Air Magic
 + Level 2.9 Poison Magic
 + Level 0.2 Evocations


You had 11 spell levels left.
You knew the following spells:

 Your Spells              Type           Power        Failure   Level  Hunger
a - Magic Dart            Conj           ####         1%          1    None
b - Mephitic Cloud        Conj/Pois/Air  ###.....     8%          3    None
c - Blink                 Tloc           N/A          6%          2    None
d - Conjure Flame         Conj/Fire      #####...     8%          3    None
e - Ignite Poison         Fire/Trmt/Pois ####....     8%          3    None


Dungeon Overview and Level Annotations

Branches:
Dungeon (6/15)
 Temple: D:4-7

Altars:
Dithmenos
Elyvilon
Fedhas
Gozag
Makhleb
Nemelex Xobeh
Trog
Yredelemnul

Annotations:
D:4 nubinia's ghost, experienced DsWz


Message History

The wight hits you with a spear of freezing!
* * * LOW HITPOINT WARNING * * *
The wight freezes you.
* * * LOW HITPOINT WARNING * * *
You climb upwards.
There is a stone staircase leading down here.
The wight hits you from afar with a spear of freezing.
* * * LOW HITPOINT WARNING * * *
The wight freezes you.
* * * LOW HITPOINT WARNING * * *
There is an open door here.
Casting: Conjure Flame
Confirm with . or Enter, or press ? or * to list all spells.
Aiming: Conjure Flame
Press: ? - help, Dir - move target cursor You feel a surge of power!
You miscast Conjure Flame.
You are very lightly contaminated with residual magic.
Lukewarm flames ripple over your body.
The wight hits you from afar with a spear of freezing.
You die...

##########.#...#+##.##.#
#.......##.#......#.##.#
#.......'..+......#'##.#
#.......##'#.........#.'
#########.>##+##'#...+.#
#....+..'.#...#'#
##########..#####.#......
#....#..##z.#####.#......
#....'.(@'....+...+......
#####....#..##...##...#......
#...#....#..###+###'###...#+#
#...+....#..##........+...+..
#..##....#..##...##'###...#'#
#..#.....#..##...##...#......
#..'.....+...+....'...#......
#.##.....#..##...##...##+#...
#.#...#'##..###+###....#.#...


You could see a wight.

Vanquished Creatures
  Pikel (D:4)
  Sigmund (D:4)
  A water moccasin (D:5)
  A slave (D:4)
  2 centaurs
  An ogre (D:3)
  A scorpion (D:4)
  3 crimson imps (D:5)
  2 iguanas (D:4)
  An orc wizard (D:4)
  Ijyb (D:4)
  2 hounds
  A worker ant (D:5)
  A killer bee zombie (D:5)
  Robin (D:3)
  3 adders
  An ooze (D:5)
  2 adder skeletons (D:4)
  3 worms
  4 giant geckos
  8 orcs (D:4)
  7 bats
  8 giant cockroaches
  12 hobgoblins
  10 jackals
  2 quokkas
  A giant cockroach zombie (D:5)
  5 giant newts
  26 goblins
  6 kobolds
  10 rats
128 creatures vanquished.

Vanquished Creatures (others)
  A spectral orc (D:4)
1 creature vanquished.

Grand Total: 129 creatures vanquished

Notes
Turn   | Place    | Note
--------------------------------------------------------------
     0 | D:1      | mcbry74 the Deep Elf Wizard began the quest for the Orb.
     0 | D:1      | Reached XP level 1. HP: 10/10 MP: 7/7
   294 | D:1      | Reached skill level 5 in Spellcasting
   295 | D:1      | Reached XP level 2. HP: 15/15 MP: 6/10
  1238 | D:2      | Reached XP level 3. HP: 19/19 MP: 7/12
  1311 | D:2      | Found a white marble altar of Elyvilon.
  1439 | D:2      | Learned a level 3 spell: Mephitic Cloud
  1442 | D:2      | Learned a level 2 spell: Blink
  1446 | D:2      | Learned a level 3 spell: Conjure Flame
  2345 | D:2      | Found a blossoming altar of Fedhas.
  2496 | D:2      | Reached skill level 6 in Spellcasting
  2790 | D:2      | Reached XP level 4. HP: 20/24 MP: 12/14
  3379 | D:3      | Learned a level 3 spell: Ignite Poison
  3497 | D:3      | Noticed an ogre
  3502 | D:3      | Killed an ogre
  3502 | D:3      | Reached skill level 1 in Short Blades
  3502 | D:3      | Reached XP level 5. HP: 28/28 MP: 10/15
  3577 | D:3      | Noticed Robin
  3579 | D:3      | Killed Robin
  4245 | D:4      | Noticed Sigmund
  4255 | D:4      | Killed Sigmund
  4255 | D:4      | Reached skill level 1 in Throwing
  4255 | D:4      | Reached skill level 1 in Poison Magic
  4255 | D:4      | Reached XP level 6. HP: 32/32 MP: 12/17
  4551 | D:4      | Noticed nubinia's ghost (experienced DsWz)
  4688 | D:4      | Noticed a slave
  4688 | D:4      | Noticed a slave
  4701 | D:4      | Found a burning altar of Makhleb.
  4703 | D:4      | Reached skill level 1 in Fire Magic
  4830 | D:4      | Reached skill level 1 in Transmutations
  5050 | D:4      | Reached skill level 7 in Spellcasting
  5050 | D:4      | Reached XP level 7. HP: 4/36 MP: 13/19
  5055 | D:4      | Found a shadowy altar of Dithmenos.
  5560 | D:4      | Reached skill level 5 in Stealth
  5615 | D:4      | Noticed Ijyb
  5640 | D:4      | Killed Ijyb
  5949 | D:4      | Noticed a slave
  6013 | D:4      | Noticed a slave
  6024 | D:4      | Noticed Pikel
  6038 | D:4      | Killed a slave
  6040 | D:4      | Killed Pikel
  6040 | D:4      | Reached skill level 1 in Air Magic
  6040 | D:4      | Reached XP level 8. HP: 38/41 MP: 10/21
  6396 | D:4      | Found a basalt altar of Yredelemnul.
  6811 | D:5      | Entered Level 5 of the Dungeon
  7011 | D:5      | Found an opulent altar of Gozag.
  7011 | D:5      | Found a sparkling altar of Nemelex Xobeh.
  7751 | D:5      | Reached skill level 5 in Dodging
  7751 | D:5      | Reached skill level 8 in Spellcasting
  8141 | D:5      | Found a bloodstained altar of Trog.
  8542 | D:5      | HP: 2/41 [wight/spear of freezing (4)]
  8547 | D:5      | Slain by a wight

Vault maps used:
D:1:      shiori_arrival_oz, kennysheep_another_room
D:2:      fedhas_altar_4, lemuel_crystal_altar
D:3:      uniq_robin
D:4:      kennysheep_goblin_castle, yredelemnul_forgotten_temple_becter,
          makhleb_heckhound_becter, nicolae_dithmenos_through_a_glass_darkly,
          first_bread, uniq_sigmund, uniq_pikel
D:5:      grunt_temple_overflow_opulence, bloody_trog
D:6:      lemuel_round_altar, minmay_temple_entry_statues_pillars, uniq_edmund

Action                   |  1- 3 |  4- 6 |  7- 9 || total
-------------------------+-------+-------+-------++-------
Melee: Dagger            |    64 |    22 |    31 ||   117
       Short sword       |       |    21 |    29 ||    50
 Fire: Blowgun           |       |    38 |    29 ||    67
 Cast: Magic Dart        |   116 |    24 |    68 ||   208
       Mephitic Cloud    |     4 |     3 |     5 ||    12
       Conjure Flame     |     3 |       |     5 ||     8
       Ignite Poison     |       |    13 |    15 ||    28
       Blink             |       |     1 |       ||     1
 Abil: Evoke Flight      |       |       |     2 ||     2
  Use: Scroll            |     4 |       |     9 ||    13
       Potion            |       |       |     3 ||     3
 Stab: Confused          |     4 |     1 |     3 ||     8
       Sleeping          |     1 |     9 |     4 ||    14
       Distracted        |       |     1 |     1 ||     2
  Eat: Fruit             |     2 |       |     1 ||     3
       Chunk             |     4 |     6 |     2 ||    12
       Bread ration      |       |       |     2 ||     2
       Royal jelly       |       |       |     1 ||     1
       Beef jerky        |       |       |     1 ||     1
